AoeStats
← 吸любящий怔отец熏

Arena

510514569Analyzed
4v4 RM · 8h ago on Oct 1, 2026· 45m 39s· 8 players
Game mode
Random Map
Map size
Large (8 player)
Population
200
Speed
Normal
Resources
Standard
Victory
Conquest
Starting age
Dark Age
Ending age
Imperial Age
RankedLock teamsTeams togetherTeam positionsShared explorationLock speedFull tech treeHidden civsTurbo modeCheats
Victory
Defeat
🇨🇳 Byzantines · China
1141
+9
🇨🇳 Khmer · China
999
+14
🇨🇳 Goths · China
910
+18
857
+19
🇳🇴 Persians · Norway
967
-16
🇹🇼 Teutons · Taiwan
959
-15
🇵🇱 Byzantines · Poland
956
-15
🇪🇸 Cumans · Spain
928
-14
wojopl31
8:21 Loom
11:49 Feudal Age
13:21 Double-Bit Axe
18:53 Castle Age
17:51 Wheelbarrow
20:43 Bow Saw
20:59 Horse Collar
27:00 Scale Barding Armor
26:46 Fletching
30:58 Imperial Age
29:58 Husbandry
30:56 Forging
30:42 Bodkin Arrow
31:38 Hand Cart
31:32 Gold Mining
31:32 Stone Mining
31:33 Pikeman
31:59 Gambesons
32:21 Squires
32:23 Scale Mail Armor
33:42 Elite Varangian Guard
33:54 Light Cavalry
35:07 Conscription
37:12 Murder Holes
37:38 Ballistics
38:18 Chemistry
38:33 Fortified Wall
39:23 Chemistry
38:03 Cavalier
40:35 Chain Barding Armor
41:10 Padded Archer Armor
Thepunisherr498
12:48 Feudal Age
18:50 Castle Age
18:01 Double-Bit Axe
18:27 Gold Mining
22:45 Stone Mining
25:47 Forging
25:43 Scale Barding Armor
25:51 Bloodlines
25:56 Bow Saw
27:04 Scale Mail Armor
27:43 Iron Casting
28:36 Gold Shaft Mining
28:32 Chain Barding Armor
28:03 Fletching
29:46 Steppe Husbandry
32:59 Imperial Age
31:08 Wheelbarrow
30:30 Horse Collar
34:40 Blast Furnace
34:11 Conscription
35:30 Plate Barding Armor
35:08 Elite Steppe Lancer
kris10an
10:40 Feudal Age
15:40 Castle Age
28:07 Padded Archer Armor
28:03 Fletching
28:35 Kamandaran
28:55 Town Watch
29:07 Double-Bit Axe
30:11 Bow Saw
34:05 Imperial Age
32:13 Bodkin Arrow
32:34 Leather Archer Armor
31:43 Crossbowman
32:52 Thumb Ring
34:54 Ring Archer Armor
35:15 Conscription
36:33 Wheelbarrow
37:17 Two-Man Saw
36:34 Elite Skirmisher
39:09 Elite War Elephant
39:52 Husbandry
40:03 Bloodlines
40:06 Forging
40:01 Scale Barding Armor
y852963741
0:30 Loom
10:55 Feudal Age
11:30 Double-Bit Axe
11:54 Horse Collar
18:25 Castle Age
18:30 Stone Mining
18:30 Gold Mining
19:41 Fervor
25:50 Bow Saw
28:54 Heavy Plow
30:16 Wheelbarrow
29:27 Town Watch
32:39 Imperial Age
31:38 Stone Shaft Mining
32:36 Forging
32:26 Scale Mail Armor
33:21 Ironclad
32:45 Elite Teutonic Knight
33:47 Conscription
34:07 Iron Casting
33:03 Capped Ram
35:02 Chain Mail Armor
35:11 Siege Engineers
35:43 Squires
36:46 Blast Furnace
36:56 Plate Mail Armor
40:56 Chemistry
40:16 Ballistics
41:43 Fletching
Death_noob5
10:52 Feudal Age
14:49 Castle Age
13:18 Double-Bit Axe
13:32 Horse Collar
16:24 Bow Saw
24:25 Wheelbarrow
23:36 Loom
24:40 Town Watch
26:41 Hand Cart
27:23 Gold Mining
27:23 Stone Mining
31:07 Imperial Age
28:51 Forging
29:24 Treadmill Crane
30:43 Stone Shaft Mining
30:51 Man-at-Arms
30:52 Pikeman
31:34 Squires
32:37 Iron Casting
32:03 Scale Mail Armor
31:55 Fletching
32:05 Padded Archer Armor
31:53 Long Swordsman
31:53 Halberdier
33:38 Chemistry
32:49 Masonry
33:00 Ballistics
32:38 Bodkin Arrow
33:37 Bracer
33:52 Leather Archer Armor
34:38 Blast Furnace
33:53 Chain Mail Armor
33:45 Perfusion
35:17 Devotion
35:13 Herbal Medicine
34:48 Two-Handed Swordsman
36:05 Conscription
35:30 Champion
37:35 Two-Man Saw
37:50 Architecture
39:22 Ring Archer Armor
長崎 そよ
3:44 Loom
3:44 Loom
11:14 Feudal Age
12:03 Double-Bit Axe
16:14 Castle Age
17:02 Wheelbarrow
24:26 Horse Collar
25:00 Bow Saw
25:33 Gold Mining
31:01 Imperial Age
31:09 Capped Ram
31:09 Heavy Scorpion
32:06 Double Crossbow
32:27 Conscription
32:01 Siege Ram
32:52 Heavy Plow
32:41 Town Watch
33:16 Hand Cart
33:34 Ballistics
34:14 Chemistry
35:42 Siege Engineers
蒸馍
11:07 Feudal Age
11:40 Double-Bit Axe
14:38 Castle Age
13:49 Horse Collar
15:37 Bow Saw
21:58 Wheelbarrow
22:19 Fervor
23:15 Hand Cart
23:24 Heavy Plow
24:00 Stone Mining
24:00 Gold Mining
25:48 Gold Shaft Mining
25:49 Stone Shaft Mining
26:57 Loom
29:44 Imperial Age
26:57 Treadmill Crane
27:38 Ballistics
27:30 Fortified Wall
27:35 Fletching
27:45 Padded Archer Armor
28:23 Forging
28:18 Scale Barding Armor
28:50 Squires
28:38 Gambesons
28:18 Pikeman
29:20 Caravan
30:04 Husbandry
30:41 Iron Casting
30:26 Chain Barding Armor
29:54 Arson
29:47 Elite Varangian Guard
30:30 Scale Mail Armor
30:42 Capped Ram
32:35 Chemistry
31:32 Murder Holes
32:04 Conscription
31:55 Logistica
33:27 Siege Ram
33:49 Halberdier
35:40 Chain Mail Armor
36:00 Plate Barding Armor
36:31 Block Printing
38:14 Illumination
38:01 Redemption
37:51 Devotion
38:27 Theocracy
38:51 Plate Mail Armor
43:37 Heavy Camel Rider
45:19 Fletching
45:29 Padded Archer Armor
吸любящий怔отец熏
11:43 Feudal Age
13:10 Double-Bit Axe
13:06 Horse Collar
16:05 Castle Age
22:07 Heavy Plow
22:43 Bow Saw
26:17 Gold Mining
26:17 Stone Mining
26:23 Stone Mining
27:35 Wheelbarrow
28:24 Gold Shaft Mining
27:51 Treadmill Crane
28:33 Ballistics
28:31 Hand Cart
29:20 Yeomen
29:21 Padded Archer Armor
29:11 Fletching
32:22 Imperial Age
30:53 Leather Archer Armor
30:33 Bodkin Arrow
32:05 Caravan
32:35 Coinage
32:19 Fortified Wall
33:25 Conscription
32:28 Elite Longbowman
33:37 Warwolf
33:53 Bracer
34:57 Ring Archer Armor
35:02 Pikeman
35:28 Arson
35:44 Squires
35:29 Gambesons
35:50 Scale Mail Armor
36:00 Forging
36:54 Chemistry
36:00 Siege Engineers
36:51 Halberdier
39:16 Banking
38:56 Guilds
38:45 Murder Holes
44:58 Chain Mail Armor
45:18 Iron Casting
Connection lost

Rejoining the realm…

Still unreachable

The connection could not be restored.

Session expired

The server has moved on; the page needs a fresh start.